 Dungeon Crawl Stone Soup version 0.26-a0-1058-g8dc6ce00ff (webtiles) character file.

Game seed: 13882105788708329281

539 Delamore the Cudgeller (level 7, -1/44 HPs)
             Began as a Gargoyle Fighter on Dec 13, 2020.
             Was an Initiate of Okawaru.
             Slain by an orc warrior
             ... wielding a cursed -1 glaive
              (16 damage)
             ... on level 4 of the Dungeon.
             The game lasted 00:03:55 (3806 turns).

Delamore the Cudgeller (Gargoyle Fighter)           Turns: 3806, Time: 00:03:56

Health: -1/44      AC: 11    Str: 21    XL:     7   Next: 26%
Magic:  7/7        EV:  7    Int:  9    God:    Okawaru [......]
Gold:   189        SH:  9    Dex:  9    Spells: 6/6 levels left

rFire    . . .     SeeInvis .   v - +2 mace (venom)
rCold    . . .     Faith    .   c - +0 kite shield
rNeg     + . .     Spirit   .   b - +0 scale mail
rPois    ∞         Reflect  .   (no helmet)
rElec    +         Harm     .   (no cloak)
rCorr    .         Rampage  .   (no gloves)
Will     .....                  (no boots)
Stlth    ..........             (no amulet)
HPRegen  0.14/turn              (no ring)
MPRegen  0.10/turn              (no ring)

@: no status effects
A: negative energy resistance 1, electricity resistance, unbreathing,
petrification resistance, rot immunity, AC +4
a: Renounce Religion


You were on level 4 of the Dungeon.
You worshipped Okawaru.
Okawaru was noncommittal.
You visited 1 branch of the dungeon, and saw 5 of its levels.

You collected 189 gold pieces.

Inventory:

Hand Weapons
 a - a +0 flail
 v - a +2 mace of venom (weapon)
Armour
 b - a +0 scale mail (worn)
 c - a +0 kite shield (worn)
Jewellery
 q - an uncursed amulet of the acrobat {unknown}
Wands
 t - a wand of digging (4)
 w - a wand of polymorph (6)
Scrolls
 f - a scroll of fear {unknown}
 h - 2 scrolls of remove curse {unknown}
 i - 5 scrolls of identify {unknown}
 n - 5 scrolls of immolation {unknown}
 o - 4 scrolls of fog {unknown}
 p - 3 scrolls of enchant weapon {unknown}
Potions
 d - a potion of might
 e - a potion of ambrosia {unknown}
 g - 2 potions of lignification {unknown}
 j - a potion of berserk rage {unknown}
 k - 2 potions of cancellation {unknown}
 l - 2 potions of invisibility {unknown}
 m - 4 potions of heal wounds {unknown}
 r - a potion of mutation {unknown}
 s - 6 potions of brilliance {unknown}
 u - 4 potions of curing {unknown}


   Skills:
 - Level 5.0 Fighting
 + Level 6.0 Maces & Flails
 - Level 3.2 Armour
 - Level 5.0 Shields


You had 6 spell levels left.
You didn't know any spells.
Your spell library was empty.

Dungeon Overview and Level Annotations

Branches:
Dungeon (5/15)             Temple (0/1) D:4

Altars:
Kikubaaqudgha
Nemelex Xobeh
Okawaru

Annotations:
D:5 1 runed translucent door, Crazy Yiuf


Innate Abilities, Weirdness & Mutations

You are resistant to torment.
Your stone body is resilient. (AC +4)
You are immune to poison.
You resist negative energy. (rN+)
You are resistant to electric shocks. (rElec)
You can survive without breathing.
You are immune to petrification.
You are immune to rotting.


Message History

The orc warrior hits you with a cursed -1 glaive.
You hit the orc wizard.
The orc wizard is poisoned.
The orc wizard is moderately wounded.
The orc warrior hits you with a cursed -1 glaive.
The orc wizard points at you and mumbles some strange words.
You resist with some effort.
You are too injured to fight recklessly!
You are too injured to fight recklessly!
You are too injured to fight recklessly!
You are too injured to fight recklessly!
Your shield and scale mail prevent you from hitting the orc wizard.
The orc wizard is moderately wounded.
The orc warrior hits you but does no damage.
You block the orc wizard's attack.
You closely miss the orc wizard.
The orc wizard is heavily wounded.
The orc wizard gestures at you while chanting.
The magic dart hits you.
The orc warrior hits you with a cursed -1 glaive!
You die...

#......##..##..#
#####.####....# .
#..# ##..## ..
..... #..# ...
####...###..###....
#.#..........#
..#.......=.(#
...###.o###.... ..
#.@# ... . #o.# ..
#.... # #..##..
.... ... ##.#. ####
#.#. # ##


You could see an orc warrior and an orc wizard (very poisoned).

Vanquished Creatures
  Edmund (D:4)
  2 ogres (D:4)
  A scorpion (D:2)
  Ijyb (D:4)
  Jessica (D:3)
  5 adders (D:2)
  An ooze (D:3)
  3 worms (D:3)
  A dart slug (D:1)
  4 leopard geckos
  5 orcs
  7 bats
  5 giant cockroaches
  11 goblins
  5 hobgoblins
  3 jackals (D:3)
  9 kobolds
  2 quokkas
  3 frilled lizards
  A quokka zombie (D:5)
  14 rats
85 creatures vanquished.

Vanquished Creatures (others)
  3 plants (D:1)
3 creatures vanquished.

Grand Total: 88 creatures vanquished

Notes
Turn   | Place    | Note
-------+----------+-------------------------------------------
     0 | D:1      | Delamore the Gargoyle Fighter began the quest for the Orb.
     0 | D:1      | Reached XP level 1. HP: 14/14 MP: 1/1
   204 | D:1      | Reached XP level 2. HP: 8/19 MP: 2/2
   565 | D:1      | Reached XP level 3. HP: 24/24 MP: 3/3
  1121 | D:2      | Noticed a scorpion
  1132 | D:2      | Killed a scorpion
  1133 | D:2      | Reached skill level 3 in Maces & Flails
  1133 | D:2      | Reached XP level 4. HP: 20/29 MP: 4/4
  1808 | D:2      | Reached XP level 5. HP: 34/34 MP: 5/5
  2391 | D:3      | Found an ancient bone altar of Kikubaaqudgha.
  2391 | D:3      | Found a sparkling altar of Nemelex Xobeh.
  2434 | D:3      | Noticed Jessica
  2439 | D:3      | Killed Jessica
  3195 | D:4      | Noticed an ogre
  3206 | D:4      | Killed an ogre
  3207 | D:4      | Reached skill level 5 in Fighting
  3207 | D:4      | Reached skill level 4 in Maces & Flails
  3207 | D:4      | Reached skill level 5 in Shields
  3207 | D:4      | Reached XP level 6. HP: 22/40 MP: 6/6
  3344 | D:4      | Found an iron altar of Okawaru.
  3356 | D:4      | Found a staircase to the Ecumenical Temple.
  3356 | D:4      | You fall into a shaft and drop 1 floor!
  3356 | D:5      | Entered Level 5 of the Dungeon
  3396 | D:5      | Found a runed translucent door.
  3397 | D:5      | Noticed Crazy Yiuf
  3544 | D:4      | Reached skill level 5 in Maces & Flails
  3571 | D:4      | Noticed Edmund
  3576 | D:4      | Killed Edmund
  3577 | D:4      | Reached XP level 7. HP: 26/44 MP: 7/7
  3601 | D:4      | Became a worshipper of Warmaster Okawaru
  3729 | D:4      | Noticed Ijyb
  3739 | D:4      | Killed Ijyb
  3740 | D:4      | Reached skill level 6 in Maces & Flails
  3806 | D:4      | Slain by an orc warrior

Illustrated notes

Levels and vault maps discovered:
D:1:      dpeg_arrival_yet_another_circle, layout_rooms, serial_forest,
          infiniplex_forest_lined_3_way, infiniplex_forest_zigzag_2,
          infiniplex_forest_clump_diagonal, infiniplex_forest_end_2,
          infiniplex_forest_straight_2, infiniplex_forest_end_2,
          infiniplex_forest_end_2, infiniplex_forest_clump_long,
          infiniplex_forest_lined_room_3, dk_noncrumbling_2,
          grunt_decor_arrowhead, minmay_split_cup_large
D:2:      kb_forest_paths, layout_basic
D:3:      minmay_evil_eye, layout_loops_ring, gammafunk_temple_overflow_wave,
          uniq_jessica
D:4:      layout_basic, fedhas_altar_3, gammafunk_temple_overflow_arena,
          lemuel_temple_firewalk_b, serial_shops, nicolae_shop_statue_plus,
          palyth_stone_intersect, lemuel_tele_altar, uniq_ijyb, uniq_edmund
D:5:      layout_loops_corners, uniq_menkaure, uniq_prince_ribbit1, uniq_pikel,
          uniq_crazy_yiuf_cottage

Skill      XL: |  1  2  3  4  5  6  7 |
---------------+----------------------+-----
Fighting       | 4 5 |  5.0
Maces & Flails | 3 4 5 6 |  6.0
Shields        | 4 5 |  5.0
Armour         | |  3.2

Action                   |  1- 3 |  4- 6 |  7- 9 || total
-------------------------+-------+-------+-------++-------
Melee: Flail             |    92 |   173 |       ||   265
       Mace              |       |    25 |    15 ||    40
Armor: Scale mail        |    58 |    90 |     4 ||   152
Dodge: Dodged            |    35 |    58 |     2 ||    95
Block: Kite shield       |    55 |   100 |     5 ||   160

Table legend: (Time is in decaauts)
 A = Elapsed time spent in this place.
 B = Non-inter-level travel time spent in this place.
 C = Inter-level travel time spent in this place.
 D = Time resting spent in this place.
 E = Time spent auto-exploring this place.
 F = Levels seen in this place.
 G = Mean time per level.
                   A        B        C        D        E       F      G
               +--------+--------+--------+--------+--------+-----+--------+
         Total |   3898 |   3722 |    176 |    154 |   2941 |   5 |  779.6 |
       Dungeon |   3898 |   3722 |    176 |    154 |   2941 |   5 |  779.6 |
               +--------+--------+--------+--------+--------+-----+--------+

Top non-repeatable levels by time:
     D:2: 1238 daAuts
     D:1: 1147 daAuts
     D:3: 866 daAuts
     D:4: 462 daAuts
     D:5: 183 daAuts
